 Dungeon Crawl Stone Soup version 0.18.1-50-g88ac8fd (webtiles) character file.

225343 theElss the Eclecticist (level 18, -5/180 HPs)
             Began as a High Elf Conjurer on Sept 15, 2016.
             Was the Champion of Vehumet.
             Killed from afar by a battlesphere (13 damage)
             ... created by a tengu reaver
             ... on level 2 of the Vaults on Sept 16, 2016.
             The game lasted 04:37:39 (61188 turns).

theElss the Eclecticist (High Elf Conjurer)        Turns: 61188, Time: 04:37:40

Health: -5/180     AC: 12    Str: 13    XL:     18   Next: 61%
Magic:  4/43       EV: 18    Int: 24    God:    Vehumet [******]
Gold:   1899       SH: 15    Dex: 20    Spells: 12 memorised, 12 levels left

rFire  . . .     SeeInvis +     V - staff of conjuration
rCold  + . .     Gourm    .     U - +2 leather armour {rC+}
rNeg   . . .     Faith    .     S - +1 buckler {reflect}
rPois  .         Spirit   .     G - +0 helmet
rElec  .         Dismiss  .     J - +0 cloak
rCorr  .         Reflect  +     A - +0 pair of gloves {archery}
SustAt .         Harm     .     Y - +1 pair of boots {Fly}
MR     ++...                    Z - brooch of Shielding {Reflect SH+8}
Stlth  ..........               i - ring of see invisible
                                v - ring of protection from magic

@: berserking, lethally poisoned (-5 -> -10), flying, repel missiles, very
quick, very resistant to hostile enchantments, extremely unstealthy
A: no striking features
a: Renounce Religion, Stop Flying
}: 1/15 runes: barnacled


You were on level 2 of the Vaults.
You worshipped Vehumet.
Vehumet was exalted by your worship.
You were not hungry.

You visited 6 branches of the dungeon, and saw 32 of its levels.
You also visited: Ice Cave.

You collected 3511 gold pieces.
You spent 1612 gold pieces at shops.

Inventory:

Armour
 A - a +0 pair of gloves of archery (worn)
 G - a +0 helmet (worn)
 J - a +0 cloak (worn)
 S - a +1 buckler of reflection (worn)
 U - a +2 leather armour of cold resistance (worn)
 Y - a +1 pair of boots of flying (worn)
Magical Staves
 V - an uncursed staff of conjuration (weapon)
Jewellery
 i - a ring of see invisible (right hand)
 l - an uncursed ring of wizardry
 r - a +2 ring of intelligence
 v - a ring of protection from magic (left hand)
 z - a +4 ring of evasion
 B - an uncursed ring of protection from fire
 Z - the brooch of Shielding (around neck) {Reflect SH+8}
   (You bought it in a shop on level 2 of the Orcish Mines)

   [amulet of reflection]

   It shields you and reflects attacks.
   It affects your SH (+8).
Wands
 d - a wand of flame (30/48)
 p - a wand of confusion (23/48)
 q - a wand of digging (0/24)
 x - a wand of polymorph (13/24)
 L - a wand of flame (33/48)
Scrolls
 a - a scroll of holy word {unknown}
 e - a scroll of enchant armour
 f - 8 scrolls of fear
 g - 3 scrolls of recharging
 k - 9 scrolls of teleportation
 m - 10 scrolls of remove curse
 n - 5 scrolls of magic mapping
 y - 3 scrolls of acquirement
 F - 7 scrolls of blinking
 K - a scroll of summoning {unknown}
 M - 3 scrolls of fog {unknown}
 X - 2 scrolls of silence {unknown}
Potions
 j - 6 potions of heal wounds
 o - 9 potions of curing
 C - a potion of brilliance
 H - a potion of magic
 O - 3 potions of invisibility
 P - 2 potions of agility
 Q - 2 potions of cancellation
 R - 2 potions of lignification
 T - 7 potions of might
Comestibles
 c - 15 bread rations
 s - a beef jerky
 t - a slice of pizza
 u - 11 meat rations


   Skills:
 - Level 10.0 Fighting
 - Level 8.0 Armour
 - Level 8.1 Dodging
 - Level 2.1 Stealth
 - Level 5.0 Shields
 + Level 20.0 Spellcasting
 + Level 19.7 Conjurations
 + Level 14.5 Fire Magic


You had 12 spell levels left.
You knew the following spells:

 Your Spells              Type           Power        Failure   Level  Hunger
a - Magic Dart            Conj           ####         0%          1    None
b - Iskenderun's Battles  Conj/Chrm      #######.     1%          5    None
c - Searing Ray           Conj           ######       0%          2    None
d - Iskenderun's Mystic   Conj           ########     0%          4    None
e - Mephitic Cloud        Conj/Pois/Air  ######..     1%          3    None
f - Bolt of Magma         Conj/Fire/Erth #######...   1%          5    None
g - Sticky Flame          Conj/Fire      ########     1%          4    None
h - Bolt of Fire          Conj/Fire      ########..   1%          6    ###....
i - Repel Missiles        Chrm/Air       ###...       3%          2    None
j - Fireball              Conj/Fire      ########..   1%          5    None
k - Delayed Fireball      Conj/Fire      N/A          1%          7    #####..
l - Iron Shot             Conj/Erth      #######...   2%          6    ###....


Dungeon Overview and Level Annotations

Branches:
Dungeon (15/15)            Temple (1/1) D:5            Lair (8/8) D:9
 Shoals (4/4) Lair:4       Spider (0/4) Lair:5        Slime (0/6) Lair:7
    Orc (2/2) D:12            Elf (0/3) Orc:2        Vaults (2/5) D:13
 Depths (0/5) D:15
  Crypt: Vaults:2-3

Altars:
Ashenzari
Cheibriados
Dithmenos
Elyvilon
Fedhas
Gozag
Kikubaaqudgha
Makhleb
Nemelex Xobeh
Okawaru
Pakellas
Qazlal
Ru
Sif Muna
Trog
Vehumet
Xom
Yredelemnul
Zin
The Shining One
Jiyva

Shops:
D:4 (   D:5 !   D:10 !   D:12 [%(}[   Orc:1 :[*   Orc:2 [=[*   Shoals:1 :
Shoals:2 [   Vaults:1 ?


Message History

Mmm...
That's the fabled Pandemonium Pizza!
Drink which item? (? for menu, Esc to quit)
A red film seems to cover your vision as you go berserk!
You feel yourself moving faster!
You feel mighty!
You feel sick.
The tengu reaver gestures at you while chanting.
The bolt of acid misses you.
The battlesphere fires!
The barrage of energy hits you!
You hit the tengu reaver.
The tengu reaver is almost dead.
You feel sick. The tengu reaver blocks your attack.
The tengu reaver is almost dead.
You feel sick.
The tengu reaver gestures at you while chanting.
The bolt of acid hits you!
* * * LOW HITPOINT WARNING * * *
The acid burns!
* * * LOW HITPOINT WARNING * * *
The battlesphere fires!
The barrage of energy hits you!
You die...

#.)...)..... #.....)....
#)..).....
#........###########
#........#.........#
###........#.........#.#
...........#@........+.######
...........Q.........#.......
..)....._............#.......
...........#..*......#.......
...........#.........#.......
###........#.........#.......
#........#.........'.......
#........#.........#.......
#........#....)....#.......


You could see a tengu reaver and a battlesphere.

Vanquished Creatures
  Frances (Shoals:1)
  Ilsuiw (Shoals:4)
  A frost giant (IceCv)
  A deep elf sorcerer (Vaults:2)
  Louise (Shoals:2)
  The ghost of Juudaz the Severer, a journeyman DsAK of Lugonu (D:12)
  An orc warlord (Orc:1)
  5 ironheart preservers
  Nessos (D:15)
  5 dire elephants (Lair:8)
  8 merfolk javelineers
  An ettin (Orc:2)
  A vault guard (D:13)
  10 merfolk impalers
  Snorg (D:11)
  An ice dragon (Vaults:2)
  A rakshasa (Vaults:1)
  Harold (Lair:3)
  9 hydras
  Erica (Lair:1)
  An anaconda (Lair:8)
  6 centaur warriors
  6 merfolk avatars
  5 ogre magi
  An alligator snapping turtle (Shoals:4)
  4 merfolk aquamancers
  12 death yaks
  4 satyrs
  The ghost of barakagiga the Slasher, a journeyman HaSk of Okawaru (Lair:1)
  2 tengu warriors
  3 orc high priests (Orc:2)
  Nergalle (D:12)
  A fire crab (shapeshifter) (Vaults:2)
  8 skeletal warriors
  3 unseen horrors
  4 deep trolls (Vaults:1)
  An obsidian statue (D:15)
  13 hill giants
  20 sea snakes
  2 ironbrand convokers
  2 deep elf archers
  6 orc knights (Orc:2)
  10 deep elf magi
  10 harpies
  11 griffons
  A wolf spider (Vaults:1)
  Pikel (D:8)
  8 orc sorcerers
  11 cyclopes
  A necromancer (Lair:6)
  A wolf spider zombie (D:14)
  21 fauns
  15 ugly things
  8 manticores
  2 hornets (Vaults:1)
  4 elephants (Lair:8)
  An ice statue (IceCv)
  A guardian serpent (D:15)
  A naga mage (D:15)
  4 black mambas
  15 sirens
  2 vault sentinels (Vaults:1)
  3 water nymphs
  A black mamba (shapeshifter) (Vaults:1)
  12 spiny frogs
  2 centaur zombies
  2 gargoyles
  2 torpor snails
  8 kobold demonologists
  The ghost of barakagiga the Chiller, a novice MfIE of Sif Muna (D:6)
  8 rime drakes
  12 komodo dragons
  A komodo dragon (shapeshifter) (Vaults:1)
  An efreet (D:15)
  7 trolls
  53 merfolk
  20 polar bears
  22 blink frogs
  13 two-headed ogres
  11 slime creatures
  14 snapping turtles
  5 wind drakes
  2 boulder beetles
  2 stone giant simulacra (Vaults:1)
  A spriggan (D:11)
  13 water elementals
  A vampire (D:13)
  3 wraiths
  60 yaks
  2 wyverns
  2 shadows
  7 basilisks
  A fire bat (shapeshifter) (Vaults:1)
  A basilisk (shapeshifter) (Vaults:1)
  A hungry ghost (D:11)
  11 vampire mosquitoes
  Menkaure (D:5)
  14 hippogriffs
  5 wargs
  15 water moccasins
  14 porcupines
  An ice beast (D:9)
  27 orc warriors
  11 black bears
  A phantom (D:4)
  5 sky beasts
  A slave (D:8)
  A necrophage (D:11)
  16 wolves
  33 ogres
  4 boggarts (Vaults:1)
  14 centaurs
  20 crocodiles
  4 big kobolds
  21 giant frogs
  A gnoll sergeant (Lair:1)
  4 scorpions
  10 killer bees
  2 human simulacra (Vaults:1)
  5 wights (D:12)
  3 electric eels (Lair:6)
  4 howler monkeys
  6 crimson imps
  3 giant frog zombies
  6 hounds
  2 jellies
  24 orc priests
  2 basilisk zombies (Lair:6)
  3 centaur skeletons
  2 giant frog skeletons
  4 iguanas
  10 worker ants
  31 orc wizards
  19 sheep
  2 worker ant zombies
  21 adders
  7 gnolls
  68 river rats
  6 shadow imps
  12 white imps (Lair:8)
  3 oozes
  An adder skeleton (D:4)
  2 worms
  2 dart slugs
  4 giant geckos
  87 orcs
  8 giant cockroaches
  11 goblins
  11 hobgoblins
  13 jackals
  11 quokkas
  8 bats
  2 giant gecko skeletons (D:4)
  A giant gecko zombie (D:10)
  4 giant newts
  A jackal skeleton (D:4)
  21 kobolds
  A quokka skeleton (D:4)
  8 rats
  A butterfly (Lair:3)
  A fungus (Lair:6)
  5 plants
1262 creatures vanquished.

Vanquished Creatures (others)
  2 merfolk javelineers (Shoals:4)
  A yaktaur captain (Vaults:1)
  A centaur warrior (D:13)
  A satyr (Shoals:3)
  3 fauns
  2 cyclopes
  A vault sentinel (Vaults:1)
  2 polar bears (IceCv)
  A merfolk (Shoals:4)
  3 yaks (IceCv)
  A slave (D:8)
  An ogre (D:15)
  4 wolves (IceCv)
  3 centaurs
  An adder skeleton (D:8)
  A quokka (D:7)
  42 fungi
  42 plants
112 creatures vanquished.

Grand Total: 1374 creatures vanquished

Notes
Turn   | Place    | Note
--------------------------------------------------------------
     0 | D:1      | theElss the High Elf Conjurer began the quest for the Orb.
     0 | D:1      | Reached XP level 1. HP: 11/11 MP: 4/4
     2 | D:1      | Noticed a merfolk
     2 | D:1      | Noticed a demonspawn
     4 | D:1      | Noticed a human
     4 | D:1      | Noticed a formicid
     6 | D:1      | Noticed an ogre
     6 | D:1      | Noticed an elf
     8 | D:1      | Noticed a ghoul
     8 | D:1      | Noticed a draconian
    10 | D:1      | Noticed a minotaur
    12 | D:1      | Noticed a naga
    12 | D:1      | Noticed a troll
    14 | D:1      | Noticed a felid
    14 | D:1      | Noticed a centaur
    16 | D:1      | Noticed a halfling
    18 | D:1      | Noticed a vine stalker
    18 | D:1      | Noticed an octopode
    20 | D:1      | Noticed a demigod
    20 | D:1      | Noticed a vampire
    22 | D:1      | Noticed a spriggan
    24 | D:1      | Noticed a gargoyle
    26 | D:1      | Noticed a dwarf
    26 | D:1      | Noticed a tengu
   260 | D:1      | Reached XP level 2. HP: 18/18 MP: 0/6
   320 | D:1      | Learned a level 2 spell: Searing Ray
   927 | D:2      | Reached skill level 5 in Conjurations
  1013 | D:2      | Reached skill level 1 in Fighting
  1013 | D:2      | Reached XP level 3. HP: 23/23 MP: 2/8
  1269 | D:2      | Reached skill level 3 in Spellcasting
  1667 | D:2      | Reached XP level 4. HP: 28/28 MP: 5/9
  2562 | D:3      | Reached XP level 5. HP: 34/34 MP: 0/11
  2927 | D:3      | Found a bloodstained altar of Trog.
  3120 | D:4      | Found a blossoming altar of Fedhas.
  3185 | D:4      | Reached skill level 4 in Spellcasting
  3287 | D:4      | Learned a level 4 spell: Iskenderun's Mystic Blast
  3417 | D:4      | Noticed a phantom
  3759 | D:4      | Killed a phantom
  3759 | D:4      | Reached XP level 6. HP: 15/41 MP: 2/13
  3869 | D:4      | Found Kinguc's Antique Weapon Boutique.
  4539 | D:4      | Reached skill level 5 in Spellcasting
  4968 | D:5      | Entered Level 5 of the Dungeon
  4972 | D:5      | Noticed Menkaure
  4976 | D:4      | Reached XP level 7. HP: 35/45 MP: 9/15
  5032 | D:4      | Learned a level 5 spell: Iskenderun's Battlesphere
  5633 | D:5      | Reached skill level 6 in Spellcasting
  5713 | D:5      | Found Zuzurphe's Distillery.
  5740 | D:5      | Bought a potion of curing for 33 gold pieces
  5740 | D:5      | Bought a potion of degeneration for 11 gold pieces
  5740 | D:5      | Bought a potion of heal wounds for 55 gold pieces
  5740 | D:5      | Bought a potion of flight for 33 gold pieces
  5757 | D:5      | Found a deep blue altar of Sif Muna.
  5797 | D:5      | Killed Menkaure
  5813 | D:5      | Reached XP level 8. HP: 27/54 MP: 7/18
  5977 | D:5      | Found a snail-covered altar of Cheibriados.
  6423 | D:5      | Found an iron altar of Okawaru.
  6502 | D:5      | Found a shadowy altar of Dithmenos.
  6568 | D:5      | Found a staircase to the Ecumenical Temple.
  6577 | Temple   | Entered the Ecumenical Temple
  7126 | D:6      | Found a shattered altar of Ashenzari.
  7221 | D:6      | Reached skill level 7 in Spellcasting
  7494 | D:6      | Noticed barakagiga's ghost (novice MfIE)
  7505 | D:6      | Killed barakagiga's ghost
  7505 | D:6      | Reached skill level 5 in Fighting
  7832 | D:6      | Reached skill level 5 in Dodging
  7834 | D:6      | Reached XP level 9. HP: 61/61 MP: 13/21
  8342 | D:7      | Reached skill level 8 in Spellcasting
  8494 | D:7      | Learned a level 3 spell: Mephitic Cloud
  8499 | D:7      | Found a shimmering altar of Xom.
  8505 | D:7      | Found a shimmering altar of Xom.
  8515 | D:7      | Found a shimmering altar of Xom.
  8703 | D:7      | Found a shimmering altar of Xom.
  8708 | D:7      | Found a shimmering altar of Xom.
  9084 | D:7      | Found a white marble altar of Elyvilon.
  9214 | D:7      | Found a radiant altar of Vehumet.
  9219 | D:7      | Became a worshipper of Vehumet
  9826 | D:8      | Found a sacrificial altar of Ru.
  9953 | D:8      | Noticed Pikel
  9991 | D:8      | Killed Pikel
  9991 | D:8      | Reached skill level 9 in Spellcasting
 10357 | D:8      | Reached skill level 10 in Conjurations
 10718 | D:9      | Found an opulent altar of Gozag.
 10775 | D:9      | Reached XP level 10. HP: 56/69 MP: 10/24
 11524 | D:9      | Found an ancient bone altar of Kikubaaqudgha.
 11548 | D:9      | Found a staircase to the Lair.
 12058 | D:10     | Entered Level 10 of the Dungeon
 12058 | D:10     | Noticed a hill giant
 12064 | D:10     | Killed a hill giant
 12064 | D:10     | Reached skill level 10 in Spellcasting
 12214 | D:10     | Noticed a hill giant
 12224 | D:10     | Killed a hill giant
 12460 | D:10     | Found a shadowy altar of Dithmenos.
 12749 | D:10     | Found Joboucev's Distillery.
 12753 | D:10     | Bought a potion of invisibility for 88 gold pieces
 12753 | D:10     | Bought a potion of agility for 44 gold pieces
 12753 | D:10     | Bought a potion of magic for 88 gold pieces
 12753 | D:10     | Bought a potion of cancellation for 88 gold pieces
 13122 | Lair:1   | Entered Level 1 of the Lair of Beasts
 13135 | Lair:1   | Noticed a spiny frog
 13140 | Lair:1   | Killed a spiny frog
 13413 | Lair:1   | Noticed a spiny frog
 13446 | Lair:1   | Killed a spiny frog
 13448 | Lair:1   | Noticed barakagiga's ghost (journeyman HaSk)
 13678 | Lair:1   | Reached * piety under Vehumet
 13678 | Lair:1   | Offered knowledge of Sting by Vehumet.
 13766 | Lair:1   | Killed barakagiga's ghost
 13766 | Lair:1   | Reached skill level 11 in Spellcasting
 13766 | Lair:1   | Reached XP level 11. HP: 56/76 MP: 5/27
 14685 | Lair:1   | Noticed Erica
 14689 | Lair:1   | Killed Erica
 14797 | Lair:1   | HP: 3/77 [poisoned by a black mamba]
 14803 | Lair:1   | HP: 2/77 [poisoned by a black mamba]
 14811 | Lair:1   | HP: 2/77 [poisoned by a black mamba]
 16458 | Lair:2   | Reached skill level 12 in Spellcasting
 16600 | Lair:2   | Noticed a six-headed hydra
 16605 | Lair:2   | Killed a six-headed hydra
 17023 | Lair:2   | Noticed a five-headed hydra
 17029 | Lair:2   | Killed a five-headed hydra
 17029 | Lair:2   | Reached ** piety under Vehumet
 17029 | Lair:2   | Offered knowledge of Shock by Vehumet.
 17033 | Lair:2   | Reached XP level 12. HP: 85/85 MP: 11/29
 18042 | Lair:3   | Offered knowledge of Inner Flame by Vehumet.
 18485 | Lair:3   | Noticed Harold
 18560 | Lair:3   | Reached skill level 13 in Spellcasting
 18570 | Lair:3   | Reached *** piety under Vehumet
 19333 | Lair:3   | Killed Harold
 19841 | Lair:4   | Offered knowledge of Ignite Poison by Vehumet.
 19844 | Lair:4   | Noticed a six-headed hydra
 20236 | Lair:3   | Killed a six-headed hydra
 20634 | Lair:4   | Reached skill level 10 in Fighting
 20636 | Lair:4   | Reached skill level 14 in Spellcasting
 20692 | Lair:4   | Found a staircase to the Shoals.
 21494 | Lair:5   | Reached XP level 13. HP: 92/92 MP: 32/32
 21505 | Lair:5   | Reached **** piety under Vehumet
 21625 | Lair:5   | Found a hole to the Spider Nest.
 23003 | Lair:6   | Offered knowledge of Bolt of Magma by Vehumet.
 23013 | Lair:6   | Learned a level 5 spell: Bolt of Magma
 23211 | Lair:6   | Reached skill level 15 in Conjurations
 23521 | Lair:6   | Reached skill level 1 in Fire Magic
 24794 | D:10     | Bought 2 potions of heal wounds for 110 gold pieces
 24976 | Lair:7   | Reached skill level 5 in Fire Magic
 25409 | Lair:7   | Reached ***** piety under Vehumet
 25411 | Lair:7   | Offered knowledge of Throw Icicle by Vehumet.
 25583 | Lair:7   | Found a viscous altar of Jiyva.
 25840 | Lair:7   | HP: 4/92 [boulder beetle (35)]
 26631 | Lair:7   | Reached XP level 14. HP: 99/99 MP: 19/33
 26910 | Lair:7   | Found a staircase to the Slime Pits.
 26939 | Lair:7   | Identified Senu Gis's Volume of Moulding and Flames
 26945 | Lair:7   | Learned a level 4 spell: Sticky Flame
 26952 | Lair:7   | Learned a level 6 spell: Bolt of Fire
 27165 | Lair:8   | Entered Level 8 of the Lair of Beasts
 27367 | Lair:8   | Learned a level 2 spell: Repel Missiles
 27483 | Lair:8   | Found a frozen archway.
 27617 | IceCv    | Entered an ice cave
 28239 | IceCv    | Reached skill level 10 in Fire Magic
 29765 | IceCv    | Noticed a frost giant
 29798 | IceCv    | Killed a frost giant
 31264 | IceCv    | Identified the Almanac of the Frostbite
 31336 | IceCv    | Learned a level 5 spell: Fireball
 33846 | Lair:2   | Reached skill level 1 in Shields
 34062 | D:11     | Offered knowledge of Force Lance by Vehumet.
 34352 | D:11     | Noticed Snorg
 34362 | D:11     | Killed Snorg
 34639 | D:11     | Found a bloodstained altar of Trog.
 34930 | D:5      | Bought a potion of heal wounds for 55 gold pieces
 34930 | D:5      | Bought a potion of might for 44 gold pieces
 35514 | D:12     | Found Fecogruu's Gadget Shoppe.
 35514 | D:12     | Found Qemen's Food Emporium.
 35514 | D:12     | Found Ziraw's Armour Shop.
 35514 | D:12     | Noticed Nergalle
 35568 | D:12     | Found Hihisaokli's Armour Emporium.
 35800 | D:12     | Killed Nergalle
 35800 | D:12     | Reached XP level 15. HP: 103/103 MP: 5/34
 35927 | D:12     | Reached skill level 5 in Shields
 35932 | D:12     | Noticed Juudaz's ghost (journeyman DsAK)
 36198 | D:12     | Found a staircase to the Orcish Mines.
 36212 | D:12     | Killed Juudaz's ghost
 36212 | D:12     | Reached skill level 1 in Armour
 36589 | D:12     | Found Iddemp's Weapon Boutique.
 36759 | D:12     | Found an oddly glowing altar of Pakellas.
 36785 | Orc:1    | Entered Level 1 of the Orcish Mines
 36977 | Orc:1    | Found Oniedd's Assorted Antiques.
 36986 | Orc:1    | Bought a scroll of identify for 48 gold pieces
 36986 | Orc:1    | Bought a pair of embroidered boots for 108 gold pieces
 37109 | Orc:1    | Found Efa Miam's Book Shoppe.
 37270 | Orc:2    | Entered Level 2 of the Orcish Mines
 37627 | Orc:2    | Noticed an orc warlord
 37937 | Orc:1    | Killed an orc warlord
 37961 | Orc:1    | HP: 5/103 [poisoned by an orc warlord]
 37967 | Orc:1    | HP: 5/103 [poisoned by an orc warlord]
 37975 | Orc:1    | HP: 5/103 [poisoned by an orc warlord]
 38503 | Orc:2    | Reached skill level 5 in Armour
 39168 | Orc:2    | Offered knowledge of Irradiate by Vehumet.
 39556 | Orc:2    | Found a staircase to the Elven Halls.
 40523 | Orc:2    | Found Rurphist's Antique Armour Boutique.
 40523 | Orc:2    | Found Zicyhoos's Assorted Antiques.
 40525 | Orc:2    | Found Vifol's Antique Armour Emporium.
 40525 | Orc:2    | Found Zoosutul's Jewellery Boutique.
 40538 | Orc:2    | Bought the brooch of Shielding {Reflect SH+8} for 448 gold pieces
 40609 | Orc:1    | Found Oweith's Antique Armour Emporium.
 40672 | Orc:1    | Bought a cloak for 139 gold pieces
 41723 | D:13     | Reached skill level 15 in Spellcasting
 41973 | D:13     | Offered knowledge of Delayed Fireball by Vehumet.
 42714 | D:13     | Learned a level 7 spell: Delayed Fireball
 42872 | D:13     | Found a gate to the Vaults.
 43949 | D:14     | Reached XP level 16. HP: 109/109 MP: 28/36
 44136 | D:15     | Entered Level 15 of the Dungeon
 44608 | D:15     | Got a spiked leather armour
 44733 | D:15     | Noticed Nessos
 44737 | D:15     | Killed Nessos
 44822 | D:14     | Identified the +1 leather armour of Weryemm {rC+ MR++ Int-5} (You found it on level 15 of the Dungeon)
 45104 | D:15     | Reached skill level 16 in Spellcasting
 45611 | D:15     | Offered knowledge of Iron Shot by Vehumet.
 45736 | D:15     | Learned a level 6 spell: Iron Shot
 46453 | D:15     | Found a staircase to the Depths.
 46866 | Shoals:1 | Entered Level 1 of the Shoals
 47296 | Shoals:1 | Identified 3 scrolls of acquirement
 47507 | Shoals:1 | Found Bogufitzic's Book Shop.
 47724 | Shoals:1 | Noticed Frances
 47734 | Shoals:1 | Killed Frances
 48489 | Shoals:2 | Noticed Louise
 48629 | Shoals:2 | Killed Louise
 48709 | Shoals:2 | Reached skill level 17 in Spellcasting
 50047 | Shoals:2 | Found Qozin's Antique Armour Emporium.
 50055 | Shoals:2 | Bought a pair of runed gloves for 148 gold pieces
 50515 | Shoals:3 | Reached XP level 17. HP: 109/115 MP: 23/39
 50668 | Shoals:3 | Identified the Guide on Harmful Summoning
 52095 | Shoals:4 | Entered Level 4 of the Shoals
 52424 | Shoals:4 | Reached skill level 18 in Spellcasting
 52432 | Shoals:4 | Noticed Ilsuiw
 53660 | Shoals:3 | Reached ****** piety under Vehumet
 54312 | Shoals:4 | Offered knowledge of Orb of Destruction by Vehumet.
 55445 | Shoals:4 | Killed Ilsuiw
 55445 | Shoals:4 | Reached skill level 19 in Spellcasting
 55790 | Shoals:4 | Got a barnacled rune of Zot
 57006 | Shoals:4 | Reached XP level 18. HP: 119/120 MP: 36/42
 57316 | Vaults:1 | Entered Level 1 of the Vaults
 57841 | Vaults:1 | Found Tiatoj's Magic Scroll Boutique.
 57849 | Vaults:1 | Bought a scroll of identify for 36 gold pieces
 57849 | Vaults:1 | Bought a scroll of identify for 36 gold pieces
 58048 | Vaults:1 | Got a warped shortbow
 58054 | Vaults:1 | Identified the +6 shortbow "Plojy" {velocity, Dex+4} (You found it on level 1 of the Vaults)
 59013 | Vaults:1 | Offered knowledge of Poison Arrow by Vehumet.
 61129 | Vaults:2 | Found a white marble altar of Elyvilon.
 61140 | Vaults:2 | Reached skill level 20 in Spellcasting
 61188 | Vaults:2 | HP: 8/180 [acid (13)]
 61188 | Vaults:2 | Killed from afar by a battlesphere

Skill      XL: |  1  2  3  4  5  6  7  8  9 10 11 12 13 14 15 16 17 18 |
---------------+-------------------------------------------------------+-----
Conjurations   | 5 6 7 8 10 11 13 14 15 17 18 19 | 19.7
Fighting       | 1 2 3 5 6 7 9 10 | 10.0
Spellcasting   | 3 4 5 6 7 9 11 12 14 15 17 19 20 | 20.0
Dodging        | 3 4 5 6 7 8 |  8.1
Fire Magic     | 8 12 13 14 | 14.5
Shields        | 4 5 |  5.0
Armour         | 8 |  8.0
Stealth        | |  2.1

Action                   |  1- 3 |  4- 6 |  7- 9 | 10-12 | 13-15 | 16-18 || total
-------------------------+-------+-------+-------+-------+-------+-------++-------
Melee: Mace              |     2 |     7 |       |       |       |       ||     9
       Dagger            |       |     1 |       |       |       |       ||     1
       Short sword       |       |       |    10 |     2 |       |       ||    12
       Staff             |       |       |       |    22 |    24 |     9 ||    55
 Cast: Magic Dart        |    77 |   108 |   177 |   219 |   281 |   158 ||  1020
       Searing Ray       |     4 |    34 |    57 |    32 |    15 |     3 ||   145
       Iskenderun's Myst |       |     2 |    17 |   137 |   500 |   475 ||  1131
       Iskenderun's Batt |       |       |     5 |    84 |   183 |   165 ||   437
       Mephitic Cloud    |       |       |       |     3 |    10 |     1 ||    14
       Bolt of Magma     |       |       |       |       |     7 |       ||     7
       Bolt of Fire      |       |       |       |       |    22 |    39 ||    61
       Sticky Flame      |       |       |       |       |    11 |     2 ||    13
       Fireball          |       |       |       |       |    42 |    95 ||   137
       Repel Missiles    |       |       |       |       |     1 |     6 ||     7
       Delayed Fireball  |       |       |       |       |     1 |       ||     1
 Abil: Release Delayed F |       |       |       |       |       |     1 ||     1
Evoke: Wand              |       |       |       |     2 |       |       ||     2
  Use: Potion            |       |       |     1 |     1 |     5 |     6 ||    13
       Scroll            |       |       |     6 |     9 |     9 |     9 ||    33
  Eat: Chunk             |     3 |    11 |    19 |    38 |    78 |    51 ||   200
       Fruit             |       |       |     1 |     5 |    13 |     5 ||    24
       Beef jerky        |       |       |       |     1 |     1 |     1 ||     3
       Meat ration       |       |       |       |     1 |       |       ||     1
       Pizza             |       |       |       |       |       |     1 ||     1
Armor: Robe              |     4 |    10 |    14 |       |       |       ||    28
       Leather armour    |       |       |     1 |    24 |    52 |    28 ||   105
Dodge: Dodged            |     4 |    35 |    62 |   110 |   160 |    82 ||   453
       Deflected         |       |       |       |       |     6 |    19 ||    25
Block: Buckler           |       |       |       |       |    57 |   155 ||   212
       Reflection        |       |       |       |       |    10 |    76 ||    86
